 Dungeon Crawl Stone Soup version 0.27-a0-1060-gcb85b5eba1 (webtiles) character file.

Game seed: 10073361913633357592

259 karkarkar the Chopper (level 5, -18/46 HPs)
             Began as a Minotaur Berserker on Apr 21, 2021.
             Was a Believer of Trog.
             Demolished by an ogre
             ... wielding a +0 giant club
              (26 damage)
             ... on level 3 of the Dungeon.
             The game lasted 00:59:45 (2958 turns).

karkarkar the Chopper (Minotaur Berserker)          Turns: 2958, Time: 00:59:46

Health: -18/46     AC: 12    Str: 22    XL:     5   Next: 95%
Magic:  4/4        EV:  7    Int:  4    God:    Trog [**....]
Gold:   86         SH:  0    Dex: 10    Spells: 4/4 levels left

rFire    . . .     SeeInvis .   m - +4 trident
rCold    . . .     Faith    .   (no shield)
rNeg     . . .     Spirit   .   w - +0 plate armour
rPois    .         Reflect  .   (helmet restricted)
rElec    .         Harm     .   (no cloak)
rCorr    .         Rampage  .   (no gloves)
Will     .....                  l - +0 pair of boots
Stlth    ..........             (no amulet)
HPRegen  0.15/turn              (no ring)
MPRegen  0.09/turn              (no ring)

@: no status effects
A: horns 2, retaliatory headbutt
a: Renounce Religion, Berserk, Trog's Hand


You were on level 3 of the Dungeon.
You worshipped Trog.
Trog was pleased with you.
You visited 1 branch of the dungeon, and saw 3 of its levels.

You collected 142 gold pieces.
You spent 56 gold pieces at shops.

Inventory:

Hand Weapons
 a - a +0 hand axe
 h - a +1 dagger of flaming
 m - a +4 trident (weapon)
 p - a +0 giant club
Missiles
 c - 156 stones (quivered)
 i - 23 arrows
 u - 4 boomerangs
Armour
 b - a +0 animal skin
 l - a +0 pair of boots (worn)
 r - a +0 scale mail
 w - a +0 plate armour (worn)
Magical Staves
 t - a staff of fire
Scrolls
 d - a scroll of holy word {unknown}
 e - a scroll of torment {unknown}
 g - 2 scrolls of noise {unknown}
 j - a scroll of amnesia {unknown}
 k - a scroll of teleportation {unknown}
 q - 2 scrolls of identify {unknown}
Potions
 f - a potion of might {unknown}
 n - a potion of degeneration {unknown}
 o - a potion of haste {unknown}
 s - 2 potions of cancellation {unknown}
 v - a potion of attraction {unknown}


   Skills:
 - Level 4.0 Fighting
 - Level 4.8(5.7) Axes
 * Level 2.8(4.2) Maces & Flails
 * Level 3.5(4.7) Polearms
 - Level 0.1 Throwing
 * Level 4.0 Armour
 - Level 2.5 Dodging
 - Level 0.2 Stealth


You had 4 spell levels left.
You didn't know any spells.
Your spell library contained the following spells:

 Spells                   Type           Power      Damage    Failure   Level
 Animate Skeleton         Necr           0%         N/A       100%        1
 Apportation              Tloc           0%         N/A       100%        1
 Corona                   Hex            0%         N/A       100%        1
 Summon Small Mammal      Summ           0%         N/A       100%        1


Dungeon Overview and Level Annotations

Branches:
Dungeon (3/15)

Altars:

Shops:
D:2 [


Innate Abilities, Weirdness & Mutations

You have a pair of horns on your head.
You reflexively headbutt those who attack you in melee.


Message History

You puncture Dordric's ghost!
Dordric's ghost is heavily damaged.
Dordric's ghost hits you but does no damage.
You barely miss Dordric's ghost.
Dordric's ghost is heavily damaged.
Dordric's ghost mumbles some strange words.
Press: ? - help, v - describe, . - travel
Here: a rat (summoned)
The floor.
You hit Dordric's ghost but do no damage.
Dordric's ghost is heavily damaged.
Dordric's ghost shouts, "Death is your only future!"
Dordric's ghost hits you but does no damage.
You puncture Dordric's ghost! You headbutt Dordric's ghost.
You destroy Dordric's ghost!
Trog accepts your kill.
Trog appreciates your killing of a magic user.
The rat disappears in a puff of smoke!
Your base Polearms skill increases to level 3!
Your Armour skill increases to level 4!
You barely miss the ogre. You headbutt the ogre!
The ogre is heavily wounded.
The ogre hits you with the +2 great mace of Disgust {flame, rC+}.
The ogre burns you.
You hit the ogre. You headbutt the ogre.
The ogre is almost dead.
The ogre hits you with the +2 great mace of Disgust {flame, rC+}!
The ogre burns you.
There is a transporter landing site here.
You can't go down here!
You can't go up here!
The ogre hits you with the +2 great mace of Disgust {flame, rC+}!
* * * LOW HITPOINT WARNING * * *
The ogre burns you.
* * * LOW HITPOINT WARNING * * *
There is a transporter here.
You enter the transporter and appear at another place.
The ogre hits you with a +0 giant club!!
Ouch! That really hurt!
You die...

# #...#####.#.#...##....# #.# ###
#...........#...##....###.#
..####......................##.#
.......#########.#...........#.#
..####.##©..?..#.....###########
........#..##.?#...........
######.##.#..#.#.##..#...#.
.......##O#..#.#O##........
........#..##..#@....#...#.
######.##©....(#...........
.......##..##.$#©.#..############
.......##.#..#.#................#
.#####.##.#..#.#.................
.# #.##..##..#.#..........#..>#
.#####.##......#.###.#.#.#..#.#..
....##.#########.###.............
.................................


You could see an ogre.

Vanquished Creatures
  An ogre (D:2)
  The ghost of Dordric the Magician, an amateur DjIE (D:3)
  3 gnolls (D:3)
  An adder (D:2)
  2 dart slugs (D:1)
  3 orcs (D:3)
  2 ball pythons
  5 endoplasms
  A giant cockroach (D:2)
  3 goblins
  4 hobgoblins
  4 jackals
  3 kobolds (D:1)
  A quokka (D:2)
  8 bats
  5 frilled lizards
  5 rats
52 creatures vanquished.

Vanquished Creatures (others)
  A plant (D:1)
1 creature vanquished.

Grand Total: 53 creatures vanquished

Notes
Turn   | Place    | Note
-------+----------+-------------------------------------------
     0 | D:1      | karkarkar the Minotaur Berserker began the quest for the
                  | Orb.
     0 | D:1      | Reached XP level 1. HP: 19/19 MP: 0/0
   466 | D:1      | Reached XP level 2. HP: 25/27 MP: 1/1
  1518 | D:2      | Found Josie's Armour Shop.
  1569 | D:2      | Reached XP level 3. HP: 33/33 MP: 2/2
  1850 | D:2      | Found Ozyeloh's Weapon Shop.
  2074 | D:2      | Reached ** piety under Trog
  2121 | D:2      | Noticed an ogre
  2130 | D:2      | Killed an ogre
  2131 | D:2      | Reached XP level 4. HP: 40/40 MP: 3/3
  2131 | D:2      | Reached XP level 5. HP: 46/46 MP: 4/4
  2357 | D:2      | Bought a +0 scale mail for 56 gold pieces
  2456 | D:3      | Found a transporter.
  2459 | D:3      | Noticed Dordric's ghost (amateur DjIE)
  2596 | D:3      | Noticed an ogre
  2829 | D:3      | Found a faded altar of an unknown god.
  2932 | D:3      | Identified the +2 great mace of Disgust {flame, rC+}
  2932 | D:3      | Noticed an ogre
  2940 | D:3      | Found a transporter.
  2949 | D:3      | Killed Dordric's ghost
  2958 | D:3      | Demolished by an ogre

Illustrated notes

Levels and vault maps discovered:
D:1:      tarquinn_simple_flora_water_b, layout_basic
D:2:      layout_loops_ring, serial_shops, shop, shop, st_stairs_7
D:3:      layout_basic, lemuel_coloured_pillars_altar,
          grunt_temple_overflow_cloverleaf, kennysheep_vampire_church,
          gammafunk_ghost_smash, ebering_ecumenical_altar_box

Skill      XL: |  1  2  3  4  5 |
---------------+----------------+-----
Axes           | 4 |  4.8
Fighting       | 4 |  4.0
Maces & Flails | 2 |  2.8
Polearms       | 2 3 |  3.5
Armour         | 3 4 |  4.0
Throwing       | |  0.1
Dodging        | |  2.5
Stealth        | |  0.2

Action                   |  1- 3 |  4- 6 || total
-------------------------+-------+-------++-------
Melee: Hand axe          |    46 |       ||    46
       Headbutt          |     7 |     3 ||    10
       Trident           |    21 |    24 ||    45
Throw: Stone             |    45 |     6 ||    51
Invok: Berserk           |     2 |       ||     2
Armor: Animal skin       |    11 |       ||    11
       Scale mail        |       |     4 ||     4
       Plate armour      |       |     3 ||     3
Dodge: Dodged            |    48 |    10 ||    58

Table legend: (Time is in decaauts)
 A = Elapsed time spent in this place.
 B = Non-inter-level travel time spent in this place.
 C = Inter-level travel time spent in this place.
 D = Time resting spent in this place.
 E = Time spent auto-exploring this place.
 F = Levels seen in this place.
 G = Mean time per level.
                   A        B        C        D        E       F      G
               +--------+--------+--------+--------+--------+-----+--------+
         Total |   2993 |   2991 |      2 |    414 |      2 |   3 |  997.7 |
       Dungeon |   2993 |   2991 |      2 |    414 |      2 |   3 |  997.7 |
               +--------+--------+--------+--------+--------+-----+--------+

Top non-repeatable levels by time:
     D:1: 1545 daAuts
     D:2: 873 daAuts
     D:3: 574 daAuts
